 Dungeon Crawl Stone Soup version 0.23.0 (webtiles) character file.

Game seed: 5384704309903004765

758 Fuzzwah the Cleaver (level 7, -6/54 HPs)
             Began as a Minotaur Berserker on Feb 12, 2019.
             Was a Priest of Trog.
             Killed by divine providence
             ... invoked by an orc priest
              (13 damage)
             ... on level 6 of the Dungeon.
             The game lasted 00:08:18 (2156 turns).

Fuzzwah the Cleaver (Minotaur Berserker)            Turns: 2156, Time: 00:08:18

Health: -6/54      AC:  8    Str: 22    XL:     7   Next: 50%
Magic:  6/6        EV: 12    Int:  4    God:    Trog [***...]
Gold:   159        SH:  0    Dex: 11    Spells: 6/6 levels left

rFire    x . .     SeeInvis +   a - +0 hand axe
rCold    + . .     Gourm    .   (no shield)
rNeg     . . .     Faith    .   d - +0 ring mail
rPois    .         Spirit   .   (helmet restricted)
rElec    .         Reflect  .   (no cloak)
rCorr    .         Harm     +   (no gloves)
MR       .....                  m - +1 pair of boots
Stlth    +.........             i - amulet of harm
HPRegen  0.18/turn              h - ring of flight {+Fly, !d}
MPRegen  0.10/turn              j - ring of ice {rC+, rF-}

@: lethally poisoned (-6 -> -8), berserk cooldown, slowed, very slow
A: retaliatory headbutt, horns 2, see invisible, frail 1
a: Berserk, Trog's Hand, Renounce Religion, Evoke Flight


You were on level 6 of the Dungeon.
You worshipped Trog.
Trog was most pleased with you.
You were not hungry.

You visited 1 branch of the dungeon, and saw 4 of its levels.

You collected 159 gold pieces.

Inventory:

Hand Weapons
 a - a +0 hand axe (weapon)
Armour
 d - a +0 ring mail (worn)
   (You found it on level 1 of the Dungeon)
 m - a +1 pair of boots (worn)
   (You found it on level 3 of the Dungeon)
Jewellery
 g - an uncursed ring of positive energy {rN+}
   (You found it on level 1 of the Dungeon)
 h - a ring of flight (left hand) {+Fly, !d}
   (You found it on level 1 of the Dungeon)
 i - an amulet of harm (around neck)
   (You found it on level 2 of the Dungeon)
 j - a ring of ice (right hand) {rC+, rF-}
   (You found it on level 2 of the Dungeon)
Scrolls
 k - a scroll of remove curse
 n - 2 scrolls of teleportation
 q - a scroll of magic mapping {!r}
Potions
 b - 2 potions of magic {unknown}
 l - a potion of brilliance {unknown}
 o - a potion of curing
 r - a potion of lignification {unknown}
Comestibles
 c - 4 rations


   Skills:
 + Level 4.8 Fighting
 * Level 8.5 Axes
 * Level 5.6 Armour
 + Level 2.7 Dodging
 + Level 0.3 Stealth


You had 6 spell levels left.
You didn't know any spells.
Your spell library was empty.

Dungeon Overview and Level Annotations

Branches:
Dungeon (3/15)

Altars:
Cheibriados
Dithmenos
Fedhas
Ru
Trog


Innate Abilities, Weirdness & Mutations

You reflexively headbutt those who attack you in melee.
You have a pair of horns on your head.
You have supernaturally acute eyesight. (SInv)
You are frail. (-10% HP)


Message History

The gnoll shouts!
You hear a shout!
You hear a chilling moan.
You closely miss the gnoll.
You headbutt the gnoll, but do no damage.
You feel sick. The gnoll hits you with a +0 whip.
You take 5 damage, and have 17/54 hp.
You hit the gnoll.
You feel sick. The gnoll hits you but does no damage.
An orc warrior comes into view. It is wielding a +0 dire flail.
You take 1 damage, and have 16/54 hp.
You barely miss the gnoll. The gnoll barely misses you.
A red film seems to cover your vision as you go berserk!
You feel yourself moving faster!
You feel mighty!
You feel a lot more hungry.
You feel sick. The gnoll hits you with a +0 whip!
* * * LOW HITPOINT WARNING * * *
An orc priest comes into view.
You now have 16/81 hp.
You slash the gnoll!
You kill the gnoll!
Trog accepts your kill.
A worker ant comes into view.
The orc priest looks satisfied for a moment.
The worker ant twitches its antennae in your direction.
You slash the gnoll!
You kill the gnoll!
Trog accepts your kill.
Trog will now gift you ammunition as you gain piety.
You feel sick.
You take 1 damage, and have 15/81 hp.
Things that are here:
a +0 whip x2; a gnoll corpse You feel a strong urge to attack something.
An orc comes into view. It is wielding a +0 club.
The orc shouts!
The orc warrior barely misses you. You furiously retaliate!
You headbutt the orc warrior!!
You kill the orc warrior!
Trog accepts your kill.
Your Axes skill increases to level 8!
You feel sick.
Things that are here:
a +0 dire flail; a +0 chain mail You take 1 damage, and have 15/81 hp.
You closely miss the worker ant.
The worker ant bites you but does no damage.
You slash the worker ant! Your headbutt misses the worker ant.
Your ring mail prevents you from hitting the orc priest.
A quasit comes into view.
The worker ant bites you but does no damage.
The orc priest hits you but does no damage.
You completely miss the worker ant.
The quasit gives a chilling moan.
Your headbutt misses the worker ant. You barely miss the orc priest.
You barely miss the worker ant. You slash the orc priest!
You kill the orc priest!
Trog accepts your kill.
You feel sick. The worker ant barely misses you. You furiously retaliate!
You headbutt the worker ant!
You kill the worker ant!
Trog accepts your kill.
You take 1 damage, and have 14/81 hp.
You slash the orc!
You kill the orc!
Trog accepts your kill.
You are no longer berserk.
You are exhausted.
You feel yourself slow down.
An orc priest comes into view. It is wielding a +0 falchion.
You now have 10/54 hp.
You feel sick.
The orc priest shouts!
You take 1 damage, and have 9/54 hp.
You hit the quasit.
The quasit bites you but does no damage.
The quasit barely misses you.
The quasit claws you but does no damage.
The quasit bites you but does no damage.
The quasit claws you but does no damage.
The quasit barely misses you.
You barely miss the quasit.
You feel sick.
The quasit bites you but does no damage.
The quasit barely misses you. The quasit closely misses you.
The quasit bites you.
* * * LOW HITPOINT WARNING * * *
The quasit closely misses you.
The quasit claws you but does no damage.
The orc priest looks satisfied for a moment.
You take 3 damage, and have 6/54 hp.
You hit the quasit. You headbutt the quasit!
You kill the quasit!
Trog accepts your kill. The orc priest closely misses you.
You closely miss the orc priest.
You feel sick.
The orc priest hits you but does no damage.
The orc priest closely misses you.
You take 1 damage, and have 6/54 hp.
You barely miss the orc priest. You headbutt the orc priest.
The orc priest hits you but does no damage.
You hit the orc priest. Your headbutt misses the orc priest.
The orc priest invokes the aid of Beogh against you.
Beogh smites you!
You die...

(.###..###..##.#.# .
...##..# #..##.#.####.#
..†##..###..##.#.......
.>............).......
#..#..)###..##........
#..#...# #....)..#.###
#..##..#
#......)#.###.. #..#
..# #..............
#... ..........@#.###..
.... .........o.......
.. ####.###....##...
... ... ..#..# #. ...
.... #.###.. # #.. ..
...#..#. .#.. .....
..#.# ###.#.


You could see an orc priest.

Vanquished Creatures
  An ice beast (D:6)
  An orc warrior (D:6)
  3 ogres
  A quasit (D:6)
  An orc wizard (D:6)
  An orc priest (D:6)
  An iguana (D:6)
  3 worker ants (D:6)
  3 gnolls (D:6)
  2 adders
  A shadow imp (D:6)
  3 worms
  3 leopard geckos (D:3)
  5 orcs (D:6)
  2 ball pythons
  6 bats
  3 giant cockroaches (D:1)
  8 hobgoblins
  5 jackals
  2 quokkas
  3 frilled lizards
  3 kobolds
  4 rats
65 creatures vanquished.

Notes
Turn   | Place    | Note
-------+----------+-------------------------------------------
     0 | D:1      | Fuzzwah the Minotaur Berserker began the quest for the Orb.
     0 | D:1      | Reached XP level 1. HP: 19/19 MP: 0/0
   139 | D:1      | Gained mutation: You are frail. (-10% HP) [potion of
                  | mutation]
   139 | D:1      | Gained mutation: You have supernaturally acute eyesight.
                  | (SInv) [potion of mutation]
   144 | D:1      | Reached skill level 4 in Axes
   146 | D:1      | Reached XP level 2. HP: 24/24 MP: 1/1
   606 | D:1      | Reached skill level 4 in Fighting
   776 | D:2      | Reached ** piety under Trog
   776 | D:2      | Reached XP level 3. HP: 18/29 MP: 2/2
   830 | D:2      | Noticed an ogre
   837 | D:2      | Killed an ogre
   837 | D:2      | Reached skill level 5 in Axes
   837 | D:2      | Reached skill level 3 in Armour
   837 | D:2      | Reached XP level 4. HP: 23/36 MP: 3/3
  1134 | D:2      | Found a blossoming altar of Fedhas.
  1146 | D:2      | Found a snail-covered altar of Cheibriados.
  1437 | D:3      | Found a sacrificial altar of Ru.
  1460 | D:3      | Reached XP level 5. HP: 42/42 MP: 4/4
  1501 | D:3      | Reached skill level 4 in Armour
  1640 | D:3      | Found a shadowy altar of Dithmenos.
  1650 | D:3      | You fall through a shaft for 3 floors!
  1667 | D:6      | Reached skill level 6 in Axes
  1676 | D:6      | Noticed an ogre
  1682 | D:6      | Killed an ogre
  1682 | D:6      | Reached XP level 6. HP: 47/47 MP: 5/5
  1695 | D:6      | Noticed an ice beast
  1707 | D:6      | Killed an ice beast
  1707 | D:6      | Reached skill level 7 in Axes
  1933 | D:6      | Found a bloodstained altar of Trog.
  1960 | D:6      | Reached skill level 5 in Armour
  1960 | D:6      | Reached XP level 7. HP: 54/54 MP: 6/6
  2137 | D:6      | HP: 16/81 [gnoll/+0 whip (8)]
  2139 | D:6      | Reached *** piety under Trog
  2141 | D:6      | Reached skill level 8 in Axes
  2142 | D:6      | HP: 15/81 [poisoned by a worker ant]
  2149 | D:6      | HP: 9/54 [poisoned by a worker ant]
  2154 | D:6      | HP: 6/54 [poisoned by a worker ant]
  2156 | D:6      | Killed from afar by an orc priest

Skill      XL: |  1  2  3  4  5  6  7 |
---------------+----------------------+-----
Axes           | 4 5 6 7 8 |  8.5
Fighting       | 4 |  4.8
Armour         | 3 4 5 |  5.6
Dodging        | |  2.7
Stealth        | |  0.3

Action                   |  1- 3 |  4- 6 |  7- 9 || total
-------------------------+-------+-------+-------++-------
Melee: Hand axe          |    55 |    61 |    26 ||   142
       Headbutt          |     7 |     9 |     6 ||    22
Invok: Berserk           |     2 |     2 |     1 ||     5
  Use: Potion            |     2 |       |       ||     2
       Scroll            |     3 |     3 |     1 ||     7
  Eat: Chunk             |       |     2 |       ||     2
       Ration            |       |     1 |     1 ||     2
Armor: Ring mail         |    23 |    26 |    15 ||    64
Dodge: Dodged            |    38 |    33 |    17 ||    88

Levels and vault maps discovered:
D:1:      minmay_arrival_arboretum_small, layout_basic
D:2:      layout_rooms, amethyst_overflow_temple_binary
D:3:      layout_rooms, old_standard_altar, nicolae_ru_awakened_eye,
          first_ration
D:6:      layout_basic, kennysheep_mini_moat, minmay_temple_entry_proselytizer,
          minmay_strange_pillars

Table legend:
 A = Turns spent in this place as a percentage of turns spent in the entire game.
 B = Non-inter-level travel turns spent in this place as a percentage of non-inter-level travel turns spent in the entire game.
 C = Inter-level travel turns spent in this place as a percentage of turns spent in this place.
 D = Turns resting spent in this place as a percentage of non-inter-level travel turns spent in this place.
 E = Turns spent auto-exploring this place as a percentage of non-inter-level travel turns spent in this place.
 F = Non-inter-level travel turns spent in this place divided by the number of levels of this place that you've seen.
                   A       B       C       D       E      F
               +-------+-------+-------+-------+-------+----------------------
         Total | 100.0 | 100.0 |   2.6 |  16.8 |  65.4 | 524.8
       Dungeon | 100.0 | 100.0 |   2.6 |  16.8 |  65.4 | 524.8
               +-------+-------+-------+-------+-------+----------------------

Table legend:
 A = Kills in this place as a percentage of kills in entire the game.
 B = Kills by you in this place as a percentage of kills by you in the entire game.
 C = Kills by friends in this place as a percentage of kills by friends in the entire game.
 D = Other kills in this place as a percentage of other kills in the entire game.
 E = Experience gained in this place as a percentage of experience gained in the entire game.
 F = Experience gained in this place divided by the number of levels of this place that you have seen.
                   A       B       C       D       E      F
               +-------+-------+-------+-------+-------+----------------------
         Total | 100.0 | 100.0 |   N/A |   N/A | 100.0 | 270.8
       Dungeon | 100.0 | 100.0 |   N/A |   N/A | 100.0 | 270.8
               +-------+-------+-------+-------+-------+----------------------
